 Dungeon Crawl Stone Soup version 0.30.1-6-gbe392663c4 (webtiles) character file.

Game seed: 7773556170393145665

164 NullDivider the Stinger (level 5, 0/31 HPs)
             Began as an Octopode Venom Mage on Sept 20, 2023.
             Succumbed to an adder's poison
             ... on level 3 of the Dungeon.
             The game lasted 00:19:20 (3184 turns).

NullDivider the Stinger (Octopode Venom Mage)       Turns: 3184, Time: 00:19:21

Health: 0/31       AC:  1    Str:  7    XL:     5   Next: 45%
Magic:  7/9        EV: 14    Int: 18    God:
Gold:   118        SH:  0    Dex: 14    Spells: 3/9 levels left

rFire   . . .        (no weapon)
rCold   . . .        (no shield)
rNeg    . . .        (helmet restricted)
rPois   .            l - amulet of the acrobat
rElec   .            (no ring)
rCorr   .            (no ring)
SInv    .            (no ring)
Will    .....        (no ring)
Stlth   ++++         (no ring)
HPRegen 0.25/turn    (no ring)
MPRegen 0.11/turn    (no ring)
                     (no ring)

%: acrobat
@: lethally poisoned (0 -> -7)
A: almost no armour, amphibious, 8 rings, camouflage 1, gelatinous body 1,
(nimble swimmer 1), tentacles
a: no special abilities


You were on level 3 of the Dungeon.
You visited 1 branch of the dungeon, and saw 3 of its levels.

You collected 118 gold pieces.

Inventory:

Jewellery
 l - an amulet of the acrobat (around mantle)
Scrolls
 c - a scroll of magic mapping {unknown}
 d - 2 scrolls of teleportation {unknown}
 e - a scroll of torment {unknown}
 f - 2 scrolls of vulnerability
 h - 2 scrolls of blinking {unknown}
 i - 2 scrolls of identify {unknown}
 j - a scroll of enchant armour {unknown}
 k - a scroll of noise {unknown}
 o - a scroll of enchant weapon {unknown}
Potions
 a - a potion of magic
 b - a potion of degeneration {unknown}
 g - 4 potions of attraction {unknown}
 m - 2 potions of lignification {unknown}
 n - a potion of heal wounds {unknown}
 p - a potion of curing {unknown}


   Skills:
 + Level 3.0 Dodging
 + Level 4.3 Stealth
 + Level 2.9 Spellcasting
 - Level 1.0 Transmutations
 + Level 1.4 Air Magic
 + Level 4.7 Poison Magic


You had 3 spell levels left.
You knew the following spells:

 Your Spells              Type           Power      Damage    Failure   Level
a - Sting                 Tmut/Pois      48%        1d5       4%          1
b - Poisonous Vapours     Pois/Air       26%        N/A       7%          2
c - Mephitic Cloud        Conj/Pois/Air  9%         N/A       22%         3

Your spell library contained the following spells:

 Spells                   Type           Power      Damage    Failure   Level
 Olgreb's Toxic Radiance  Pois           19%        N/A       24%         4


Dungeon Overview and Level Annotations

Branches:
Dungeon (3/15)

Altars:
Fedhas

Annotations:
D:3 Pargi


Innate Abilities, Weirdness & Mutations

You cannot wear most types of armour.
You are amphibious.
You can wear up to eight rings at the same time.
Your skin changes colour to match your surroundings (Stealth+).
Your rubbery body absorbs attacks. (AC +1, EV +1)
((You are camouflaged when in or above water. (Stealth+)))
You have tentacles for arms and can constrict up to eight enemies at once.


Message History

The adder is moderately wounded.
You feel sick. The adder closely misses you.
You tentacle-slap the adder but do no damage.
Your grab misses the adder.
You squeeze the adder, but do no damage.
The adder is moderately wounded.
You feel sick. The adder bites you. The adder closely misses you.
You tentacle-slap the adder. Your grab misses the adder.
The adder is heavily wounded.
You feel sick. The adder bites you but does no damage.
Your magical contamination has completely faded away.
You tentacle-slap the adder but do no damage.
Your grab misses the adder. Your squeeze misses the adder.
The adder is heavily wounded.
You feel sick. The adder misses you.
You closely miss the adder. Your grab misses the adder. You squeeze the adder.
The adder is heavily wounded.
You feel sick. The adder bites you.
* * * LOW HITPOINT WARNING * * *
Casting: Sting (safe; 4% risk of failure)
Confirm with . or Enter, or press ? or * to list all spells.
Aiming: Sting (safe; 4% risk of failure)
Press: ? - help, Shift-Dir - straight line, f/p - adder
Aim: an adder (heavily wounded, 53% to hit)
The sting hits the adder.
The adder is poisoned.
The adder is almost dead.
You feel sick. The adder bites you.
* * * LOW HITPOINT WARNING * * *
The adder bites you.
* * * LOW HITPOINT WARNING * * *
You are more poisoned.
The adder poisons you!
Casting: Sting (safe; 4% risk of failure)
Confirm with . or Enter, or press ? or * to list all spells.
Aiming: Sting (safe; 4% risk of failure)
Press: ? - help, Shift-Dir - straight line, f/p - adder
Aim: an adder (almost dead, poisoned, 53% to hit)
The sting hits the adder.
The adder looks even sicker.
You kill the adder!
You die...

######### #####
#...)...#
#...###.####.####
#######................
................#...###
#######...####......###
#.....@................
#....†..#.##.#.....#.##
.........#... #.....#.#.
.#######.#............>.
.....#.#.....#.##
#.#..#.......#...
#...........##### .. .
...... . #### #


There were no monsters in sight!

Vanquished Creatures
  A hound (D:2)
  3 gnolls (D:2)
  4 adders
  2 worms (D:2)
  A dart slug (D:2)
  3 orcs (D:2)
  5 ball pythons
  4 bats
  11 endoplasms
  2 giant cockroaches (D:1)
  3 goblins
  3 hobgoblins
  7 jackals (D:2)
  2 quokkas
  5 frilled lizards
  2 kobolds
  5 rats
63 creatures vanquished.

Notes
Turn   | Place    | Note
-------+----------+-------------------------------------------
     0 | D:1      | NullDivider the Octopode Venom Mage began the quest for the
                  | Orb.
     0 | D:1      | Reached XP level 1. HP: 11/11 MP: 3/3
   267 | D:1      | Reached XP level 2. HP: 17/17 MP: 5/5
   705 | D:1      | Found a faded altar of an unknown god.
   928 | D:1      | Reached XP level 3. HP: 12/21 MP: 3/6
  1272 | D:1      | Learned a level 2 spell: Poisonous Vapours
  1276 | D:1      | Learned a level 3 spell: Mephitic Cloud
  1504 | D:2      | Reached XP level 4. HP: 17/27 MP: 2/7
  1513 | D:2      | HP: 1/27 [constriction (1)]
  1710 | D:2      | Reached skill level 1 in Air Magic
  1922 | D:2      | Reached XP level 5. HP: 30/31 MP: 7/9
  2492 | D:2      | Found a blossoming altar of Fedhas.
  2710 | D:3      | Noticed Pargi
  3184 | D:3      | Succumbed to an adder's poison

Illustrated notes

Levels and vault maps discovered:
D:1:      beargit_arrival_greenhouse, layout_basic,
          hellmonk_ecumenical_altar_lost_god, minmay_tree_intersection,
          serial_bayou_ford_a, chequers_serial_rivers_large_a,
          minmay_tetromino_t2
D:2:      minmay_evil_eye, layout_loops_cross, basic_altar,
          minmay_misc_feat_tower
D:3:      layout_basic, mainiacjoe_overflow_cross_hatched, uniq_pargi

Skill      XL: |  1  2  3  4  5 |
---------------+----------------+-----
Stealth        | 3 4 |  4.3
Poison Magic   | 4 |  4.7
Air Magic      | 1 |  1.4
Dodging        | 3 |  3.0
Spellcasting   | |  2.9
Transmutations | |  1.0

Action                     |  1- 3 |  4- 6 || total
---------------------------+-------+-------++-------
  Melee: Unarmed           |    88 |    75 ||   163
         Tentacles         |    20 |    19 ||    39
         Constrict         |    17 |    19 ||    36
         Punch             |     4 |     1 ||     5
   Cast: Sting             |    18 |    12 ||    30
         Poisonous Vapours |     3 |    16 ||    19
         Mephitic Cloud    |     1 |       ||     1
    Use: Scroll            |     1 |       ||     1
   Stab: Sleeping          |    14 |     3 ||    17
         Confused          |     1 |       ||     1
 Armour: Skin              |     6 |     6 ||    12
  Dodge: Dodged            |    54 |    47 ||   101
